 Dungeon Crawl Stone Soup version 0.30-a0-381-g6ea064c7b4 (webtiles) character file.

Game seed: 11087770125210526204

10 qeuew the Digger (level 2, -1/15 HPs)
             Began as a Deep Elf Earth Elementalist on Dec 1, 2022.
             Was an Initiate of Ashenzari.
             Slain by a kobold
             ... wielding a +2 dagger of venom
              (2 damage)
             ... on level 1 of the Dungeon.
             The game lasted 00:00:36 (187 turns).

qeuew the Digger (Deep Elf Earth Elementalist)       Turns: 187, Time: 00:00:36

Health: -1/15      AC:  2    Str:  5    XL:     2   Next: 10%
Magic:  3/8        EV: 13    Int: 19    God:    Ashenzari [......]
Gold:   9          SH:  0    Dex: 15    Spells: 6/7 levels left

rFire   . . .      SeeInvis .    (no weapon)
rCold   . . .      Faith    .    (no shield)
rNeg    . . .      Spirit   .    a - +0 robe of Supernal Knowledge {Melee, Elem} (curse)
rPois   .          Reflect  .    (no helmet)
rElec   .          Harm     .    (no cloak)
rCorr   .          Rampage  .    (no gloves)
Will    .....                    (no boots)
Stlth   ++........               (no amulet)
HPRegen 0.22/turn                (no ring)
MPRegen 0.11/turn                (no ring)

@: no status effects
A: no striking features
a: Renounce Religion, Shatter the Chains


You were on level 1 of the Dungeon.
You worshipped Ashenzari.
Ashenzari was noncommittal.
You visited 1 branch of the dungeon, and saw 1 of its levels.

You collected 9 gold pieces.

Inventory:

Armour
 a - the cursed +0 robe of Supernal Knowledge (worn) {Melee, Elem}

   It has a curse which improves the following skills: Melee Combat: Short
   Blades, Long Blades, Axes, Maces & Flails, Polearms, Staves and Unarmed
   Combat.
   Elements:  Fire Magic, Ice Magic, Air Magic and Earth Magic.
Potions
 b - a potion of magic
 c - a potion of cancellation {unknown}


   Skills:
 + Level 0.1 Armour
 * Level 2.7 Dodging
 * Level 2.6 Stealth
 * Level 3.2 Spellcasting
 + Level 1.2 Transmutations
 * Level 3.4(3.8) Earth Magic


You had 6 spell levels left.
You knew the following spells:

 Your Spells              Type           Power      Damage    Failure   Level
a - Sandblast             Erth           34%        2d9       3%          1

Your spell library contained the following spells:

 Spells                   Type           Power      Damage    Failure   Level
 Passwall                 Tmut/Erth      10%        N/A       8%          2
 Stone Arrow              Conj/Erth      20%        3d8       21%         3
 Petrify                  Tmut/Erth      12%        N/A       45%         4


Dungeon Overview and Level Annotations

Branches:
Dungeon (1/15)

Altars:
Ashenzari


Message History

The hobgoblin is almost dead.
The hobgoblin hits you.
You hit the hobgoblin but do no damage.
The hobgoblin is almost dead.
The hobgoblin closely misses you.
You hit the hobgoblin but do no damage.
The hobgoblin is almost dead.
The hobgoblin barely misses you.
You barely miss the hobgoblin.
The hobgoblin is almost dead.
The hobgoblin hits you.
* * * LOW HITPOINT WARNING * * *
You hit the hobgoblin but do no damage. Your punch misses the hobgoblin.
The hobgoblin is almost dead.
The hobgoblin closely misses you.
You barely miss the hobgoblin.
The hobgoblin is almost dead.
The hobgoblin completely misses you.
You hit the hobgoblin but do no damage.
The hobgoblin is almost dead.
The hobgoblin hits you.
* * * LOW HITPOINT WARNING * * *
You closely miss the hobgoblin.
The hobgoblin is almost dead.
The hobgoblin misses you.
You hit the hobgoblin but do no damage.
The hobgoblin is almost dead.
The hobgoblin hits you but does no damage.
You hit the hobgoblin but do no damage.
The hobgoblin is almost dead.
The hobgoblin misses you.
You hit the hobgoblin.
You kill the hobgoblin!
You closely miss the kobold.
The kobold hits you with a +2 dagger of venom.
* * * LOW HITPOINT WARNING * * *
You hit the kobold.
The kobold is moderately wounded.
The kobold hits you with a +2 dagger of venom.
You die...

#. ...# #. ..#[# #.
..#.# #. ..#.#
##########. # #.#.#
#.......... #. #.#.#
#.###.####.
###..###.#.###.###.####.
.....rK@.#.##...#.......
###..##.....$......####.
................#.## #.
# #...###......##.# #.
......()......##.# #.
##...###......##.# #.
.... ##...#.##.# #. ...
##.##..... .. #.#####.#


You could see a kobold and a rat.

Vanquished Creatures
  A dart slug (D:1)
  2 bats (D:1)
  A goblin (D:1)
  A hobgoblin (D:1)
  2 kobolds (D:1)
  A rat (D:1)
8 creatures vanquished.

Notes
Turn   | Place    | Note
-------+----------+-------------------------------------------
     0 | D:1      | qeuew the Deep Elf Earth Elementalist began the quest for
                  | the Orb.
     0 | D:1      | Reached XP level 1. HP: 10/10 MP: 6/6
    25 | D:1      | Found a faded altar of an unknown god.
    40 | D:1      | Prayed at the altar of an unknown god.
    40 | D:1      | Became a worshipper of Ashenzari the Shackled
   161 | D:1      | Reached XP level 2. HP: 14/15 MP: 4/8
   187 | D:1      | Slain by a kobold

Illustrated notes

Levels and vault maps discovered:
D:1:      erik_arrival_blinker_ship, layout_loops_ring,
          shapermc_ecumenical_altar_acropolis, minmay_split_cup_large

Action                   || total
-------------------------++-------
Melee: Unarmed           ||    25
 Cast: Sandblast         ||    11
Invok: Curse Item        ||     1
Armor: Robe              ||     1
Dodge: Dodged            ||    19

Table legend: (Time is in decaauts)
 A = Elapsed time spent in this place.
 B = Non-inter-level travel time spent in this place.
 C = Inter-level travel time spent in this place.
 D = Time resting spent in this place.
 E = Time spent auto-exploring this place.
 F = Levels seen in this place.
 G = Mean time per level.
                   A        B        C        D        E       F      G
               +--------+--------+--------+--------+--------+-----+--------+
         Total |    193 |    185 |      8 |      0 |    119 |   1 |  193.0 |
       Dungeon |    193 |    185 |      8 |      0 |    119 |   1 |  193.0 |
               +--------+--------+--------+--------+--------+-----+--------+

Top non-repeatable levels by time:
     D:1: 193 daAuts
